 Dungeon Crawl Stone Soup version 0.24.1-14-gf8d2b509d9 (webtiles) character file.

Game seed: 14571181076625945200, levelgen mode: deterministic

195216 Amplified the Warrior (level 18, 0/107 HPs)
             Began as a Vine Stalker Chaos Knight on May 16, 2020.
             Was a Plaything of Xom.
             Killed from afar by Mara (illusionary) (4 damage)
             ... with a bolt of fire
             ... on level 4 of the Shoals on May 17, 2020.
             The game lasted 00:57:45 (24589 turns).

Amplified the Warrior (Vine Stalker Chaos Knight)  Turns: 24589, Time: 00:57:46

Health: 0/107      AC: 38    Str: 31    XL:     18   Next: 78%
Magic:  0/19       EV: 18    Int: 14    God:    Xom [......]
Gold:   1644       SH:  3    Dex: 17    Spells: 17/17 levels left

rFire    + + +     SeeInvis .   T - +1 broad axe (freeze)
rCold    + . .     Gourm    .   (no shield)
rNeg     . . .     Faith    .   F - +10 plate armour "Roas" {MR++ Str+5 Dex-2}
rPois    .         Spirit   +   g - +2 hat of Seegyit {rF+}
rElec    .         Reflect  +   d - +2 cloak
rCorr    .         Harm     .   E - +1 pair of gloves
MR       ++++.                  B - +1 pair of boots "Pillek" {*Drain Str+8}
Stlth    ..........             U - +3 amulet of reflection
HPRegen  1.07/turn              Q - +4 ring of slaying
MPRegen  0.16/turn              b - ring of Elilaqajyo {rF+ EV+3}

@: cleaving, flying
A: fangs 3, agile 1, blink, blurry vision 1, clever 1, cold resistance 1, fire
resistance 1, regeneration 2, shaggy fur 1, weak 1, magic shield, antimagic
bite, no potion heal 3, rot immunity, MP-powered wands
a: Blink, Renounce Religion


You were on level 4 of the Shoals.
You worshipped Xom.
You were a very special plaything of Xom.
You were hungry.

You visited 5 branches of the dungeon, and saw 30 of its levels.
You visited the Abyss 1 time.
You also visited: Ossuary and Gauntlet.

You collected 3199 gold pieces.
You spent 1555 gold pieces at shops.

Inventory:

Hand Weapons
 k - a +4 hand axe of electrocution
 s - a +3 war axe of flaming
 T - a +1 broad axe of freezing (weapon)
Missiles
 i - 6 curare-tipped darts (quivered)
 l - 135 poisoned darts
 t - 15 atropa-tipped darts
 J - 6 throwing nets
Armour
 d - a +2 cloak (worn)
 g - the +2 hat of Seegyit (worn) {rF+}
   (You found it on level 1 of the Orcish Mines)

   It protects you from fire.
 B - the +1 pair of boots "Pillek" (worn) {*Drain Str+8}
   (You found it in a Gauntlet)

   It affects your strength (+8).
   It causes draining when unequipped.
 D - the +2 pair of boots of the Assassin {Detection Stab+ Stlth++}
   (You found it in a Gauntlet)

   It makes you much more stealthy.
 E - a +1 pair of gloves (worn)
 F - the +10 plate armour "Roas" (worn) {MR++ Str+5 Dex-2}
   (You bought it in a shop on level 9 of the Dungeon)

   It affects your strength (+5).
   It affects your dexterity (-2).
   It affects your resistance to hostile enchantments.
 O - the cursed -3 pair of gloves "Litsaih" {rElec MR+ Str-3 Dex+2}
   (You found it on level 1 of the Orcish Mines)

   It affects your strength (-3).
   It affects your dexterity (+2).
   It insulates you from electricity.
   It affects your resistance to hostile enchantments.
   It has a curse placed upon it.
 W - the +3 plate armour "Okutoxt" {+Fly rC+ rCorr}
   (You found it on level 3 of the Elven Halls)

   It protects you from cold.
   It lets you fly.
   It provides partial protection from all sources of acid and corrosion.
Jewellery
 b - the ring of Elilaqajyo (right hand) {rF+ EV+3}
   (Xom gifted it to you on level 15 of the Dungeon)

   [ring of evasion]

   It affects your evasion (+3).
   It protects you from fire.
 q - an uncursed ring of positive energy
 C - an uncursed amulet of the acrobat
 Q - a +4 ring of slaying (left hand)
 S - an uncursed ring of resist corrosion {unknown}
 U - a +3 amulet of reflection (around neck)
Wands
 a - a wand of digging (6)
 m - a wand of acid (25)
 p - a wand of flame (83)
 v - a wand of random effects (49)
 w - a wand of enslavement (25)
 x - a wand of paralysis (4)
 y - a wand of iceblast (18)
 z - a wand of polymorph (22)
 K - a wand of disintegration (13)
 M - a wand of clouds (1)
Scrolls
 f - a scroll of identify
 o - 14 scrolls of remove curse
 r - 6 scrolls of amnesia
 I - 2 scrolls of brand weapon
Potions
 e - a potion of magic
 h - 5 potions of flight
 j - 13 potions of curing
 n - a potion of cancellation
 u - a potion of brilliance
 H - 7 potions of lignification
 V - a potion of mutation
Comestibles
 c - 34 rations
 G - 6 chunks of flesh


   Skills:
 * Level 16.4 Fighting
 * Level 16.0(16.2) Axes
   Level 3.5(11.3) Polearms
 * Level 14.3 Armour
 + Level 11.2 Dodging


You had 17 spell levels left.
You didn't know any spells.
Your spell library contained the following spells:

 Spells                   Type           Power        Failure   Level  Hunger
 Beastly Appendage        Tmut           #.....       83%         1    ##.....
 Corona                   Hex            #......      83%         1    ##.....
 Infusion                 Chrm           #...         83%         1    ##.....
 Magic Dart               Conj           #...         83%         1    ##.....
 Blink                    Tloc           N/A          93%         2    ###....
 Call Imp                 Summ           #.......     93%         2    ###....
 Ensorcelled Hibernation  Hex/Ice        #.....       93%         2    ###....
 Passwall                 Tmut/Erth      #.......     93%         2    ###....
 Searing Ray              Conj           #.....       93%         2    ###....
 Shroud of Golubria       Chrm/Tloc      #.....       93%         2    ###....
 Slow                     Hex            #.......     93%         2    ###....
 Song of Slaying          Chrm           #.......     93%         2    ###....
 Sticks to Snakes         Tmut           #.......     93%         2    ###....
 Confuse                  Hex            #.......     99%         3    ####...
 Conjure Flame            Conj/Fire      #.......     99%         3    ####...
 Dazzling Spray           Conj/Hex       #.....       99%         3    ####...
 Gell's Gravitas          Tloc           #.........   99%         3    ####...
 Lesser Beckoning         Tloc           #.........   99%         3    ####...
 Mephitic Cloud           Conj/Pois/Air  #.......     99%         3    ####...
 Recall                   Summ/Tloc      N/A          99%         3    ####...
 Regeneration             Chrm/Necr      #.........   99%         3    ####...
 Spectral Weapon          Hex/Chrm       #.......     99%         3    ####...
 Spider Form              Tmut/Pois      #.........   99%         3    ####...
 Teleport Other           Tloc           #.......     99%         3    ####...
 Tukima's Dance           Hex            #.......     99%         3    ####...
 Force Lance              Conj/Tloc      #.......     100%        4    #####..
 Fulminant Prism          Conj/Hex       #.........   100%        4    #####..
 Ice Form                 Ice/Tmut       #.......     100%        4    #####..
 Iskenderun's Mystic Bla  Conj           #.......     100%        4    #####..
 Passage of Golubria      Tloc           N/A          100%        4    #####..
 Alistair's Intoxication  Tmut/Pois      #.......     100%        5    ######.
 Aura of Abjuration       Summ           #.........   100%        5    ######.
 Blade Hands              Tmut           #.........   100%        5    ######.
 Summon Demon             Summ           #.........   100%        5    ######.
 Summon Forest            Summ/Tloc      #.........   100%        5    ######.
 Summon Mana Viper        Hex/Summ       #.......     100%        5    ######.
 Shadow Creatures         Summ           N/A          100%        6    #######
 Statue Form              Tmut/Erth      #........    100%        6    #######


Dungeon Overview and Level Annotations

Branches:
Dungeon (15/15)            Temple (0/1) D:7            Lair (6/6) D:9
 Shoals (4/4) Lair:3        Snake (0/4) Lair:2        Slime (0/5) Lair:6
    Orc (2/2) D:12            Elf (3/3) Orc:2        Vaults (0/5) D:14
 Depths (0/5) D:15        Ossuary (visited)         Gauntlet (visited)

Altars:
Ashenzari
Elyvilon
Fedhas
Makhleb
Ru
Sif Muna
Trog
Uskayaw
Xom
The Shining One

Shops:
D:7 **   D:9 [   D:13 *   Orc:1 =   Orc:2 %***%   Elf:3 :   Shoals:1 (

Annotations:
D:8 Maurice
Lair:1 1 runed translucent door, Avesha's ghost, journeyman MiBe
Shoals:4 Mara
Elf:1 rPois+rElec
Elf:2 2 runed translucent doors


Innate Abilities, Weirdness & Mutations

You have razor-sharp teeth.
You heal very quickly.
When hurt, damage is shared between your health and your magic reserves.
Your bite disrupts and absorbs the magic of your enemies.
Potions cannot restore your health.
You are immune to rotting.
You are agile. (Dex +2)
You can translocate small distances at will.
Scrolls take you a little longer to read.
Your mind is acute. (Int +2)
Your flesh is cold resistant. (rC+)
Your flesh is heat resistant. (rF+)
You are covered in fur. (AC +1)
You are weak. (Str -2)
You expend magic power (3 MP) to strengthen your wands.


Message History

You begin reading the scroll.
You continue reading the scroll.
You are now a very special plaything of Xom.
Mara hits you with a +1 demon blade of freezing!
* * * LOW HITPOINT WARNING * * *
Mara freezes you.
* * * LOW HITPOINT WARNING * * *
As you read the scroll of fear, it crumbles to dust.
You assume a fearsome visage.
Mara is unaffected. x2
Amplified's illusion resists with some effort.
The alligator snapping turtle looks frightened!
The sea snake looks frightened!
Unknown command.
Unknown command.
Unknown command.
Unknown command.
Unknown command.
Mara gestures at you. The bolt of fire hits you. You resist.
You die...
Xom chuckles heartily!

≈***≈≈≈≈≈≈≈≈≈≈≈≈≈....≈≈≈≈≈≈≈≈≈#
≈**,≈≈≈≈≈#####≈≈.....≈≈≈≈≈≈≈≈≈#
≈,,,≈≈≈≈**,,,##.......≈≈≈≈≈≈≈≈≈
≈≈≈≈≈≈≈≈*,,,,,#..R.@..≈..≈≈≈≈≈≈
≈≈≈≈≈≈≈≈*≈,≈,,+.......≈..≈≈≈≈≈≈
≈≈≈≈≈≈≈≈*,≈,,,#........≈≈≈≈≈≈≈≈
≈≈≈≈≈≈≈≈**≈≈,##.......!...≈≈≈≈≈
≈≈≈≈≈≈≈≈≈##+##≈...R....##.≈≈≈≈≈
≈≈≈≈≈≈≈≈≈≈≈≈≈≈≈≈@≈≈≈≈..#*,≈≈≈≈≈
≈≈≈≈≈≈≈≈≈≈≈≈≈≈≈≈≈≈≈≈≈≈....≈≈≈≈≈
≈≈≈≈≈≈≈≈≈≈≈≈≈≈≈≈≈≈≈≈≈≈≈≈≈≈≈≈≈≈≈
≈≈≈≈≈≈≈≈≈≈≈≈≈≈≈≈≈≈≈≈≈≈≈≈≈≈≈≈≈≈≈
≈≈≈≈≈≈≈≈≈≈≈≈≈≈≈≈≈≈≈≈≈≈≈≈≈≈≈≈≈≈≈
≈≈≈≈≈≈≈≈≈≈≈≈≈≈≈≈≈≈≈≈≈≈≈≈≈≈≈≈≈≈≈
≈≈≈≈≈≈≈≈≈≈≈≈≈≈≈≈≈≈≈≈≈≈≈≈≈≈≈≈≈≈≈
≈≈≈≈≈≈≈≈≈###############≈≈≈≈≈≈≈


You could see 2 Maras and Amplified's illusion.

Vanquished Creatures
  A bone dragon (Abyss:3)
  A lich (Abyss:3)
  Gastronok (Lair:2)
  Kirke (Lair:4)
  Polyphemus (Shoals:3)
  Roxanne (D:15)
  A ghost moth (Abyss:3)
  3 deep elf sorcerers
  The ghost of 4FPSwarrior the Fighter, a journeyman HuWn of Okawaru (Orc:1)
  A stone giant (Shoals:2)
  3 deep elf annihilators
  Azrael (D:15)
  A minotaur (Gauntlet)
  A dire elephant (D:15)
  An ettin (Orc:1)
  2 merfolk javelineers
  4 merfolk impalers
  Josephine (Orc:2)
  A great orb of eyes (D:15)
  A deep elf death mage (Elf:3)
  Harold (D:7)
  2 vault guards (D:14)
  6 hydras
  3 catoblepae
  3 centaur warriors
  2 alligator snapping turtles
  Erica (D:11)
  17 two-headed ogres
  3 death yaks (Shoals:3)
  2 ogre magi (Orc:2)
  15 dancing weapons
  A tengu warrior (D:15)
  A satyr (Shoals:2)
  4 hell hogs (Abyss:3)
  A thrashing horror (Abyss:3)
  A sun demon (D:14)
  9 deep elf knights
  Sonja (Lair:2)
  A spatial maelstrom (Abyss:3)
  A sixfirhy (Abyss:3)
  A fire crab (Gauntlet)
  6 sea snakes
  A shadow wraith (Abyss:3)
  3 deep trolls
  4 skeletal warriors (D:15)
  A death drake (shapeshifter) (D:15)
  6 starcursed masses (Abyss:3)
  3 unseen horrors
  6 wizards
  A lindwurm (Lair:6)
  A wolf spider zombie (D:15)
  6 harpies
  10 deep elf archers
  A necromancer (D:14)
  Pikel (D:7)
  2 orc knights (Orc:1)
  9 ugly things
  9 manticores
  An orc sorcerer (Orc:2)
  51 deep elf magi
  A moth of wrath (Orc:1)
  16 fauns
  A worldbinder (Abyss:3)
  20 elephants
  5 cyclopes
  3 centaur zombies
  A salamander (D:15)
  6 large abominations (Abyss:3)
  4 merfolk sirens
  9 black mambas
  A gargoyle (D:10)
  4 water nymphs
  4 spiny frogs
  A smoke demon (Abyss:3)
  A kobold demonologist (D:13)
  A hellion (Abyss:3)
  A minotaur zombie (Gauntlet)
  A rime drake (Lair:5)
  A komodo dragon (shapeshifter) (D:14)
  2 efreet
  A harpy zombie (D:15)
  9 komodo dragons
  An ice devil (D:14)
  15 trolls
  A meliai (shapeshifter) (D:15)
  A tengu conjurer (D:15)
  2 ancient zymes (Abyss:3)
  19 merfolk
  2 wind drakes
  9 polar bears
  5 hornets (Lair:6)
  A raiju (Abyss:3)
  21 dream sheep (Lair:5)
  Prince Ribbit (D:7)
  15 blink frogs
  7 hippogriffs
  4 air elementals
  6 snapping turtles
  A tarantella (shapeshifter) (Elf:1)
  5 wraiths
  A spriggan (shapeshifter) (D:15)
  5 water elementals
  A shadow (Abyss:3)
  31 yaks
  13 spriggans (Lair:6)
  3 fire elementals
  2 fire bats (Gauntlet)
  5 small abominations (Abyss:3)
  2 hogs (Lair:4)
  3 wyverns
  5 basilisks
  3 hungry ghosts
  2 neqoxecs (Abyss:3)
  6 vampire mosquitoes
  A chaos spawn (Abyss:3)
  3 golden eyes (Abyss:3)
  17 humans (D:14)
  A warg (Orc:1)
  4 nagas (Lair:2)
  An acid dragon (D:15)
  A soldier ant (D:8)
  9 water moccasins
  A swamp drake (Orc:1)
  5 hell hounds (D:15)
  3 porcupines
  3 ice beasts (D:9)
  A hornet zombie (D:11)
  17 orc warriors
  2 black bears
  3 sky beasts
  A slave (D:7)
  A phantom (D:9)
  An eye of draining (D:13)
  A necrophage (D:9)
  31 wolves
  8 boggarts
  22 ogres
  20 centaurs
  10 crocodiles
  5 big kobolds
  A wyvern zombie (D:7)
  16 bullfrogs
  4 earth elementals
  7 scorpions
  A wyvern skeleton (D:13)
  3 killer bees (D:12)
  3 wights (D:14)
  5 jellies
  3 howler monkeys (D:12)
  8 crimson imps
  A quasit (D:14)
  3 bullfrog skeletons
  7 hounds
  An iron imp (Orc:1)
  11 orc priests
  23 orc wizards
  3 centaur skeletons
  2 iguanas
  Natasha (thrice) (D:4)
  10 worker ants
  3 hound zombies
  A hound skeleton (D:9)
  Robin (D:3)
  A howler monkey zombie (D:6)
  4 mummies (Ossuary)
  9 adders
  A howler monkey skeleton (D:2)
  6 shadow imps
  9 white imps
  3 ufetubi
  An ooze (shapeshifter) (Elf:1)
  3 oozes
  An adder skeleton (D:4)
  3 worms
  A dart slug (D:2)
  2 adder simulacra (D:9)
  5 leopard geckos
  109 orcs
  3 ball pythons
  10 bats
  2 giant cockroaches
  3 gnoll zombies (Ossuary)
  18 hobgoblins
  31 jackals
  3 quokkas
  8 frilled lizards
  15 goblins
  A hobgoblin zombie (Ossuary)
  A jackal skeleton (D:6)
  28 kobolds
  A kobold zombie (Ossuary)
  A leopard gecko skeleton (D:4)
  3 orc zombies (Ossuary)
  A quokka skeleton (D:7)
  A quokka zombie (D:7)
  13 rats
  2 rat zombies (Ossuary)
  5 fungi
  3 plants
  A tentacle (Shoals:2)
1121 creatures vanquished.

Vanquished Creatures (collateral kills)
  A deep elf mage (Elf:2)
  A porcupine (Lair:2)
2 creatures vanquished.

Vanquished Creatures (others)
  A frost giant (Shoals:2)
  A merfolk (Shoals:4)
  A boggart (Elf:1)
  A crimson imp (D:7)
  A jelly (D:15)
  An orc wizard (Orc:1)
  4 orcs (Orc:1)
  A kobold (D:2)
  4 fungi
  32 plants
  5 tentacles (Shoals:2)
52 creatures vanquished.

Grand Total: 1175 creatures vanquished

Notes
Turn   | Place    | Note
-------+----------+-------------------------------------------
     0 | D:1      | Amplified the Vine Stalker Chaos Knight began the quest for
                  | the Orb.
     0 | D:1      | Reached XP level 1. HP: 11/11 MP: 2/2
    86 | D:1      | Reached XP level 2. HP: 12/16 MP: 3/3
    88 | D:1      | Reached skill level 1 in Dodging
    99 | D:1      | You fall into a shaft and drop 1 floor!
   103 | D:2      | Found a shimmering altar of Xom.
   146 | D:2      | XOM: potion effect (curing)
   147 | D:2      | XOM: harmless Ice miscast
   149 | D:2      | Reached XP level 3. HP: 8/20 MP: 2/4
   377 | D:2      | XOM: silly message
   544 | D:1      | XOM: silly message
   733 | D:1      | XOM: silly message
  1020 | D:1      | XOM: divination: detect creatures
  1061 | D:2      | XOM: divination: magic mapping
  1087 | D:2      | Gained mutation: Your natural rate of healing is unusually
                  | fast. [Vine Stalker growth]
  1087 | D:2      | Reached XP level 4. HP: 24/24 MP: 5/5
  1314 | D:2      | XOM: noise
  1364 | D:2      | XOM: divination: magic mapping
  1408 | D:2      | XOM: give mutation
  1408 | D:2      | Gained mutation: You possess an exceptional clarity of
                  | mind. [Xom's mischief]
  1519 | D:2      | Reached XP level 5. HP: 28/28 MP: 6/6
  1654 | D:2      | Found a faded altar of an unknown god.
  1776 | D:3      | Noticed a wyvern
  1840 | D:4      | XOM: noise
  1841 | D:4      | Lost mutation: You possess an exceptional clarity of mind.
                  | [potion of mutation]
  1841 | D:4      | Gained mutation: You have razor-sharp teeth. [potion of
                  | mutation]
  1841 | D:4      | Gained mutation: Your mind is acute. (Int +2) [potion of
                  | mutation]
  1851 | D:4      | Reached skill level 1 in Axes
  1903 | D:4      | Noticed Natasha
  1908 | D:4      | Killed Natasha
  1908 | D:4      | Reached XP level 6. HP: 28/33 MP: 7/7
  1949 | D:4      | Noticed Natasha
  1955 | D:4      | Killed Natasha
  2013 | D:4      | Noticed Natasha
  2025 | D:4      | XOM: enchant monster (bad)
  2026 | D:4      | Killed Natasha
  2089 | D:4      | Found a sand-covered staircase.
  2094 | Ossuary  | Entered an ossuary
  2162 | Ossuary  | Reached XP level 7. HP: 36/38 MP: 8/8
  2564 | D:3      | Found a white marble altar of Elyvilon.
  2586 | D:3      | Killed a wyvern
  2586 | D:3      | Reached skill level 5 in Fighting
  2600 | D:3      | Found a shimmering blue altar of Sif Muna.
  2603 | D:3      | Found a blossoming altar of Fedhas.
  2688 | D:3      | XOM: give mutation
  2688 | D:3      | Gained mutation: You are clumsy. (Dex -2) [Xom's mischief]
  2774 | D:3      | XOM: 1-stop teleportation journey
  2816 | D:3      | Noticed Robin
  2824 | D:3      | Killed Robin
  3032 | D:3      | XOM: divination: magic mapping
  3179 | D:5      | Entered Level 5 of the Dungeon
  3195 | D:5      | Found a glowing golden altar of the Shining One.
  3229 | D:5      | XOM: fog
  3233 | D:5      | Mutation became permanent: You have extremely sharp teeth.
                  | [Vine Stalker growth]
  3233 | D:5      | Gained mutation: You have razor-sharp teeth. [Vine Stalker
                  | growth]
  3233 | D:5      | Reached XP level 8. HP: 13/43 MP: 1/9
  3325 | D:5      | Found a shattered altar of Ashenzari.
  3817 | D:6      | XOM: enchant monster (bad)
  3909 | D:6      | XOM: mild Air miscast
  3945 | D:6      | Found a sacrificial altar of Ru.
  4225 | D:6      | XOM: confuse monster(s)
  4316 | D:6      | XOM: polymorph centaur -> electric eel
  4326 | D:7      | XOM: enchant monster (bad)
  4337 | D:7      | Noticed Pikel
  4366 | D:7      | Killed Pikel
  4366 | D:7      | Reached skill level 5 in Axes
  4366 | D:7      | Reached XP level 9. HP: 40/49 MP: 10/10
  4368 | D:7      | Found a staircase to the Ecumenical Temple.
  4385 | D:7      | XOM: god gift: scroll labeled KOULAG DOFU {god gift}
  4630 | D:7      | Found Iwiddiub's General Store.
  4650 | D:7      | Found Gits's Serpentskin Sales.
  4654 | D:7      | XOM: enchant monster (bad)
  4764 | D:7      | Noticed Prince Ribbit
  4791 | D:7      | Killed Prince Ribbit
  4811 | D:7      | XOM: harmless Conj miscast
  4991 | D:7      | Noticed Harold
  4997 | D:7      | XOM: scenery: create altars
  5007 | D:7      | Killed Harold
  5007 | D:7      | Reached XP level 10. HP: 53/56 MP: 9/11
  5146 | D:8      | XOM: polymorph sky beast -> soldier ant
  5174 | D:8      | Noticed Maurice
  5181 | D:8      | XOM: fake destruction
  5184 | D:8      | XOM: chaos upgrade
  5217 | D:8      | Noticed a two-headed ogre
  5218 | D:8      | XOM: chaos upgrade
  5232 | D:8      | XOM: divination: detect creatures
  5236 | D:8      | XOM: enchant monster (good)
  5238 | D:9      | XOM: noise
  5295 | D:9      | Found a staircase to the Lair.
  5295 | D:9      | Noticed an elephant
  5307 | D:9      | XOM: blink monster(s)
  5309 | D:9      | Reached skill level 5 in Armour
  5315 | D:9      | XOM: harmless Summ miscast
  5323 | D:9      | XOM: noise
  5442 | D:9      | Found a burning altar of Makhleb.
  5450 | D:9      | Reached skill level 5 in Dodging
  5527 | D:9      | XOM: harmless Pois miscast
  5563 | D:9      | Found Niriank's Armour Emporium.
  5564 | D:9      | XOM: scenery: 1 doors open
  5586 | D:9      | XOM: harmless Hex miscast
  5915 | D:9      | XOM: god gift: 21 bolts
  6047 | D:10     | Entered Level 10 of the Dungeon
  6089 | D:10     | XOM: enchant monster (bad)
  6214 | D:10     | Noticed a gargoyle
  6219 | D:10     | XOM: divination: detect items
  6224 | D:10     | Killed a gargoyle
  6342 | D:10     | Reached XP level 11. HP: 59/62 MP: 12/12
  6510 | D:10     | Noticed a two-headed ogre
  6517 | D:10     | Killed a two-headed ogre
  6518 | D:10     | Noticed a two-headed ogre
  6520 | D:10     | XOM: divination: detect creatures
  6523 | D:10     | Killed a two-headed ogre
  6828 | D:10     | XOM: god gift: pair of boots {god gift}
  6884 | D:10     | XOM: god gift: 10 stones
  6999 | D:10     | XOM: medium Ice miscast
  7026 | D:11     | XOM: medium Tmut miscast
  7057 | D:11     | XOM: potion effect (agility)
  7079 | D:12     | Noticed a red ugly thing
  7199 | D:11     | XOM: cloud trail
  7199 | D:11     | Killed an unseen horror
  7218 | D:11     | XOM: cast spell 'Summon Small Mammal'
  7244 | D:11     | XOM: noise
  7252 | D:11     | XOM: confuse monster(s)
  7258 | D:11     | Reached skill level 10 in Fighting
  7262 | D:11     | Found a gate leading to a gauntlet.
  7280 | D:11     | Noticed a cyclops
  7283 | D:11     | XOM: cast spell 'Call Canine Familiar'
  7288 | D:11     | XOM: polymorph hound -> worker ant
  7290 | D:11     | Killed a cyclops
  7361 | D:11     | Noticed a manticore
  7382 | Gauntlet | Entered a Gauntlet
  7382 | Gauntlet | Found a transporter.
  7382 | Gauntlet | Found a runed translucent gate.
  7382 | Gauntlet | Found a transporter.
  7382 | Gauntlet | Found a transporter.
  7382 | Gauntlet | Noticed a fire crab
  7384 | Gauntlet | Noticed a death scarab
  7385 | Gauntlet | Found a runed translucent gate.
  7386 | Gauntlet | Found a runed translucent gate.
  7394 | Gauntlet | Found a transporter.
  7397 | Gauntlet | Found a transporter.
  7400 | Gauntlet | Noticed a sixfirhy
  7404 | Gauntlet | Found a runed translucent door.
  7407 | Gauntlet | Found a transporter.
  7408 | Gauntlet | Found a transporter.
  7413 | Gauntlet | Noticed a reaper
  7416 | Gauntlet | Found a transporter.
  7430 | Gauntlet | Found a large runed translucent door.
  7431 | Gauntlet | Found a large runed translucent door.
  7432 | Gauntlet | Found a large runed translucent door.
  7432 | Gauntlet | Found a large runed translucent door.
  7433 | Gauntlet | Found a runed translucent gate.
  7434 | Gauntlet | Found a transporter.
  7434 | Gauntlet | Found a runed translucent gate.
  7434 | Gauntlet | Noticed an orange crystal statue
  7435 | Gauntlet | Found a runed translucent gate.
  7436 | Gauntlet | Found a large runed translucent door.
  7436 | Gauntlet | Found a large runed translucent door.
  7437 | Gauntlet | Found a large runed translucent door.
  7438 | Gauntlet | Found a large runed translucent door.
  7447 | Gauntlet | Found a large runed translucent door.
  7447 | Gauntlet | Found a large runed translucent door.
  7447 | Gauntlet | Found a runed translucent door.
  7447 | Gauntlet | Found a runed translucent door.
  7448 | Gauntlet | Found a large runed translucent door.
  7449 | Gauntlet | Found a large runed translucent door.
  7451 | Gauntlet | Found a transporter.
  7454 | Gauntlet | Found a transporter.
  7455 | Gauntlet | Noticed a catoblepas
  7464 | Gauntlet | Found a transporter.
  7476 | Gauntlet | Found the +2 pair of boots of the Assassin {Detection Stab+
                  | Stlth++}
  7515 | Gauntlet | Found a large runed translucent door.
  7516 | Gauntlet | Found a large runed translucent door.
  7517 | Gauntlet | Found a large runed translucent door.
  7517 | Gauntlet | Found a large runed translucent door.
  7532 | Gauntlet | XOM: scenery: 3 doors open
  7550 | Gauntlet | XOM: cleaving
  7560 | Gauntlet | XOM: divine lightning
  7586 | Gauntlet | Killed a fire crab
  7759 | Gauntlet | Got a pair of slimy boots
  7759 | Gauntlet | XOM: cast spell 'Dispersal'
  7804 | Gauntlet | Noticed a minotaur
  7818 | Gauntlet | XOM: chaos upgrade
  7820 | Gauntlet | XOM: scenery: 2 doors open, 2 doors close
  7827 | Gauntlet | Killed a minotaur
  7827 | Gauntlet | Gained mutation: You heal very quickly. [Vine Stalker
                  | growth]
  7827 | Gauntlet | Reached XP level 12. HP: 51/68 MP: 9/13
  7828 | Gauntlet | XOM: potion effect (agility)
  7882 | D:11     | Identified the +1 pair of boots "Pillek" {*Drain Str+8}
                  | (You found it in a Gauntlet)
  7936 | D:11     | XOM: silly message
  8040 | D:11     | XOM: cloud trail
  8126 | D:11     | Noticed Erica
  8137 | D:11     | Killed Erica
  8189 | D:11     | XOM: noise
  8245 | D:12     | Noticed a six-headed hydra
  8252 | D:12     | Killed a four-headed hydra
  8256 | D:12     | XOM: smoke on damage
  8291 | D:12     | Found a staircase to the Orcish Mines.
  8306 | D:12     | XOM: mild Chrm miscast
  8405 | D:12     | Reached skill level 10 in Axes
  8466 | D:12     | You fall into a shaft and drop 3 floors!
  8466 | D:15     | Entered Level 15 of the Dungeon
  8636 | D:15     | XOM: harmless Summ miscast
  8656 | D:15     | Noticed a two-headed ogre
  8718 | D:15     | XOM: 1-stop teleportation journey
  8724 | D:15     | Identified Roxanne's Compendium of Shape Shifting
  8724 | D:15     | Noticed Roxanne
  8724 | D:15     | XOM: harmless Pois miscast
  8724 | D:15     | Noticed Azrael
  8760 | D:15     | XOM: 1-stop teleportation journey
  8761 | D:15     | XOM: enchant monster (bad)
  8768 | D:14     | Paralysed by a hornet for 2 turns
  8770 | D:14     | XOM: polymorph hornet -> human
  8820 | D:14     | XOM: enchant monster (bad)
  8842 | D:13     | Noticed a two-headed ogre
  8856 | D:13     | Killed a two-headed ogre
  8868 | D:13     | XOM: smoke on damage
  8876 | D:13     | Noticed a centaur warrior
  8885 | D:13     | Killed a centaur warrior
  8971 | D:13     | Found Amuket's Elemental Accessories.
  9024 | D:13     | XOM: harmless Tloc miscast
  9026 | D:13     | Reached XP level 13. HP: 69/74 MP: 12/14
  9027 | D:13     | XOM: harmless Conj miscast
  9276 | D:12     | XOM: divination: detect creatures
  9344 | D:12     | XOM: divination: detect items
  9831 | Orc:1    | Found Meibig's Jewellery Shop.
  9831 | Orc:1    | XOM: stealth player
  9831 | Orc:1    | Entered Level 1 of the Orcish Mines
 10214 | Orc:1    | Found a transporter.
 10222 | Orc:1    | Noticed an ettin
 10226 | Orc:1    | Noticed 4FPSwarrior's ghost (journeyman HuWn)
 10232 | Orc:1    | XOM: enchant monster (bad)
 10234 | Orc:1    | Identified the cursed +0 dire flail of Anger {holy, Int+3}
 10366 | D:9      | Bought the +10 plate armour "Roas" {MR++ Str+5 Dex-2} for
                  | 1136 gold pieces
 10414 | Lair:1   | Entered Level 1 of the Lair of Beasts
 10651 | Lair:1   | Found a hide-covered altar of Uskayaw.
 10687 | Lair:1   | Found a runed translucent door.
 10689 | Lair:1   | Noticed Avesha's ghost (journeyman MiBe)
 10689 | Lair:1   | Identified the +11 spear of Circularity {pierce, *Rage rC+
                  | MR+ Int+5}
 10812 | Lair:1   | XOM: summons friendly quasit
 10905 | Lair:1   | XOM: medium Necr miscast
 11140 | Lair:2   | Noticed Gastronok
 11145 | Lair:2   | XOM: mild Chrm miscast
 11155 | Lair:2   | XOM: enchant monster (good)
 11158 | Lair:2   | Killed Gastronok
 11308 | Lair:2   | XOM: noise
 11312 | Lair:2   | XOM: summons 7 friendly demons
 11326 | Lair:2   | XOM: noise
 11341 | Lair:2   | Noticed Sonja
 11369 | Lair:2   | XOM: silly message
 11373 | Lair:2   | Killed Sonja
 11474 | Lair:2   | Found a staircase to the Snake Pit.
 11560 | Lair:2   | XOM: harmless Tmut miscast
 11637 | Lair:2   | XOM: medium Air miscast
 11694 | Lair:2   | XOM: harmless Chrm miscast
 11971 | Lair:3   | XOM: divination: magic mapping
 11976 | Lair:3   | Reached XP level 14. HP: 53/81 MP: 15/15
 12135 | Lair:3   | XOM: harmless Conj miscast
 12160 | Lair:3   | XOM: blink monster(s)
 12180 | Lair:3   | Reached skill level 10 in Armour
 12181 | Lair:3   | XOM: polymorph black mamba -> something unseen
 12188 | Lair:3   | XOM: smoke on damage
 12352 | Lair:3   | XOM is BORED!
 12352 | Lair:3   | XOM: give mutations
 12352 | Lair:3   | Gained mutation: Your flesh is heat resistant. (rF+) [Xom's
                  | mischief]
 12352 | Lair:3   | Lost mutation: You are clumsy. (Dex -2) [Xom's mischief]
 12352 | Lair:3   | Gained mutation: You are frail. (-10% HP) [Xom's mischief]
 12352 | Lair:3   | Gained mutation: You are weak. (Str -2) [Xom's mischief]
 12390 | Lair:3   | Found a staircase to the Shoals.
 12390 | Lair:3   | XOM: destruction
 12713 | Lair:4   | Noticed Kirke
 12723 | Lair:4   | Killed Kirke
 13610 | Lair:4   | XOM: give mutations
 13610 | Lair:4   | Gained mutation: You can translocate small distances at
                  | will. [Xom's grace]
 13610 | Lair:4   | Gained mutation: You expend magic power (3 MP) to
                  | strengthen your wands. [Xom's grace]
 13610 | Lair:4   | Gained mutation: You are covered in fur. (AC +1) [Xom's
                  | grace]
 13756 | Lair:5   | XOM: divination: detect creatures
 13786 | Lair:5   | XOM: scenery: create altars
 13871 | Lair:5   | XOM is BORED!
 13871 | Lair:5   | XOM: mild Chrm miscast
 13888 | Lair:5   | XOM: confusion
 13890 | Lair:5   | XOM: smoke on damage
 13947 | Lair:5   | XOM: noise
 14013 | Lair:5   | XOM: confuse monster(s)
 14020 | Lair:5   | XOM: summons friendly ufetubus
 14027 | Lair:5   | XOM: divination: detect items
 14092 | Lair:5   | XOM: noise
 14245 | Lair:5   | XOM: cloud trail
 14254 | Lair:5   | XOM: cast spell 'Olgreb's Toxic Radiance'
 14326 | Lair:5   | XOM: harmless Pois miscast
 14463 | Lair:5   | XOM: silly message
 14633 | Lair:6   | Entered Level 6 of the Lair of Beasts
 14743 | Lair:6   | XOM: divination: magic mapping
 14769 | Lair:6   | XOM: divination: detect creatures
 14784 | Lair:6   | XOM: medium Fire miscast
 14805 | Lair:6   | XOM: enchant monster (good)
 14808 | Lair:6   | XOM: divination: magic mapping
 14817 | Lair:6   | XOM: divination: detect items
 14824 | Lair:6   | XOM: enchant monster (good)
 14924 | Lair:6   | Reached XP level 15. HP: 71/77 MP: 14/16
 14930 | Lair:6   | XOM: divination: magic mapping
 14933 | Lair:6   | XOM: cast spell 'Call Canine Familiar'
 14954 | Lair:6   | XOM: noise
 14969 | Lair:6   | XOM: cast spell 'Summon Small Mammal'
 14981 | Lair:6   | XOM: harmless Ice miscast
 15054 | Lair:6   | XOM: polymorph komodo dragon -> lindwurm
 15156 | Lair:6   | Found a staircase to the Slime Pits.
 15244 | Lair:6   | XOM: scenery: create altars
 15377 | Lair:6   | XOM: summons 4 hostile shadow creatures
 15947 | Orc:1    | Identified the +3 demon trident of the Ten Hells
                  | {antimagic, Str+2}
 15954 | Orc:1    | Found a transporter.
 15955 | Orc:1    | Found a bloodstained altar of Trog.
 16000 | Orc:1    | XOM: confusion
 16095 | Orc:1    | XOM: summons 4 hostile shadow creatures
 16096 | Orc:1    | Noticed an orc warlord
 16258 | Orc:1    | Got a polished hat
 16270 | Orc:1    | Identified the +2 hat of Seegyit {rF+} (You found it on
                  | level 1 of the Orcish Mines)
 16360 | Orc:1    | Killed 4FPSwarrior's ghost
 16393 | Orc:1    | XOM: stat loss: -1 Dex (12/13)
 16394 | Orc:1    | Got a pair of scorched gloves
 16415 | Orc:1    | Identified the cursed -3 pair of gloves "Litsaih" {rElec
                  | MR+ Str-3 Dex+2} (You found it on level 1 of the Orcish
                  | Mines)
 16504 | Orc:2    | Entered Level 2 of the Orcish Mines
 16549 | Orc:2    | Found Imeimuz's General Store.
 16550 | Orc:2    | Found Gosirag's Assorted Antiques.
 16595 | Orc:2    | XOM: confuse monster(s)
 16712 | Orc:2    | Found Zotzilea's Food Shoppe.
 16728 | Orc:2    | Found Woehua's General Store.
 16736 | Orc:2    | Bought a scroll of blinking for 135 gold pieces
 16784 | Orc:2    | XOM: summons friendly iron imp
 16791 | Orc:2    | XOM: mild Conj miscast
 16827 | Orc:2    | Found Biku's Food Emporium.
 16878 | Orc:2    | Noticed Josephine
 16885 | Orc:2    | Killed Josephine
 16889 | Orc:2    | XOM is BORED!
 16889 | Orc:2    | XOM: confusion (+ monsters)
 16925 | Orc:2    | XOM: divination: detect items
 16936 | Orc:2    | Found a staircase to the Elven Halls.
 16947 | Orc:2    | XOM: butterfly on damage
 17109 | Orc:2    | XOM: god gift: scroll of teleportation
 17263 | Orc:2    | Bought a glowing shield for 240 gold pieces
 17477 | D:13     | XOM: potion effect (invisibility)
 17800 | D:14     | Reached XP level 16. HP: 81/83 MP: 14/17
 17824 | D:14     | XOM: 4-stop teleportation journey
 18209 | D:14     | XOM: summons friendly white imp
 18261 | D:14     | XOM: give mutations
 18261 | D:14     | Gained mutation: You are agile. (Dex +2) [Xom's grace]
 18261 | D:14     | Gained mutation: Your flesh is cold resistant. (rC+) [Xom's
                  | grace]
 18284 | D:14     | Found a gate to the Vaults.
 18343 | D:14     | XOM: divination: detect items
 18527 | D:15     | XOM: god gift: faintly glowing lead ring {god gift}
 18543 | D:15     | Got a faintly glowing lead ring {god gift}
 18545 | D:15     | Identified the ring of Elilaqajyo {rF+ EV+3} (Xom gifted it
                  | to you on level 15 of the Dungeon)
 18587 | D:15     | XOM: confuse monster(s)
 18623 | D:15     | Killed Azrael
 18723 | D:15     | Found a blossoming altar of Fedhas.
 18871 | D:15     | XOM: summons 4 hostile demons
 18877 | D:15     | XOM: divination: detect items
 19000 | D:14     | XOM: scenery: create altars
 19004 | D:14     | XOM: mild Pois miscast
 19100 | D:15     | Found a staircase to the Depths.
 19314 | D:15     | Killed Roxanne
 19327 | D:15     | XOM: mild Tloc miscast
 19484 | Elf:1    | Entered Level 1 of the Elven Halls
 19499 | Elf:1    | XOM: confuse monster(s)
 19604 | Elf:1    | XOM: mild Chrm miscast
 19608 | Elf:1    | Reached skill level 10 in Dodging
 19609 | Elf:1    | XOM: mild Necr miscast
 20007 | Elf:1    | Reached skill level 15 in Fighting
 20077 | Elf:1    | XOM: scenery: 1 doors open
 20080 | Elf:1    | Reached XP level 17. HP: 88/89 MP: 18/18
 20080 | Elf:1    | XOM: enchant monster (good)
 20123 | Elf:1    | XOM: cast spell 'Call Canine Familiar'
 20298 | Elf:2    | XOM: cast spell 'Summon Ice Beast'
 20445 | Elf:2    | XOM: harmless Air miscast
 20446 | Elf:2    | XOM: mild Conj miscast
 20462 | Elf:2    | XOM: blink monster(s)
 20493 | Elf:2    | XOM: enchant monster (bad)
 20546 | Elf:3    | Entered Level 3 of the Elven Halls
 20894 | Elf:3    | XOM: god gift: potion of curing
 20901 | Elf:3    | XOM: give mutations
 20901 | Elf:3    | Gained mutation: Scrolls take you a little longer to read.
                  | [Xom's mischief]
 20901 | Elf:3    | Lost mutation: You are frail. (-10% HP) [Xom's mischief]
 20968 | Elf:2    | Reached skill level 15 in Axes
 21147 | Elf:3    | XOM: harmless Pois miscast
 21152 | Elf:3    | Found Woodoad's Book Shop.
 21155 | Elf:3    | Got a twisted plate armour
 21246 | Elf:3    | XOM: confusion
 21256 | Elf:3    | XOM: cleaving
 21422 | Elf:2    | XOM: cleaving
 21425 | Elf:2    | XOM: noise
 21428 | Elf:2    | XOM: noise
 21470 | Elf:2    | XOM: chaos upgrade
 21537 | Elf:2    | XOM: medium Fire miscast
 21562 | Elf:2    | Found a runed translucent door.
 21625 | Elf:2    | XOM: confuse monster(s)
 21699 | Elf:2    | Found a runed translucent door.
 21942 | Elf:1    | Identified the +3 plate armour "Okutoxt" {+Fly rC+ rCorr}
                  | (You found it on level 3 of the Elven Halls)
 22292 | Shoals:1 | Entered Level 1 of the Shoals
 22480 | Shoals:1 | XOM: divination: detect creatures
 22493 | Shoals:1 | XOM: god gift: 37 gold pieces
 22509 | Shoals:2 | XOM: noise
 22509 | Shoals:2 | XOM: mild Air miscast
 22547 | Shoals:1 | XOM: divination: detect creatures
 22640 | Shoals:1 | XOM: god gift: 64 gold pieces
 22800 | Shoals:1 | XOM: divination: magic mapping
 22861 | Shoals:1 | Found Full's Weapon Boutique.
 22888 | Shoals:1 | Bought a +0 broad axe for 44 gold pieces
 23039 | Shoals:2 | XOM: scenery: create altars
 23066 | Shoals:2 | Reached XP level 18. HP: 90/105 MP: 19/19
 23098 | Shoals:2 | XOM: potion effect (haste)
 23177 | Shoals:2 | XOM: silly message
 23180 | Shoals:2 | Cast into level 3 of the Abyss (merfolk impaler)
 23234 | Abyss:3  | Noticed a bone dragon
 23256 | Abyss:3  | XOM: potion effect (haste)
 23266 | Abyss:3  | Killed a bone dragon
 23344 | Abyss:3  | XOM: harmless Conj miscast
 23369 | Abyss:3  | XOM: potion effect (might)
 23397 | Abyss:3  | Found a corrupted altar of Lugonu.
 23413 | Abyss:3  | Found a shimmering altar of Xom.
 23413 | Abyss:3  | Found a shimmering altar of Xom.
 23413 | Abyss:3  | Found a corrupted altar of Lugonu.
 23413 | Abyss:3  | Found a shimmering altar of Xom.
 23414 | Abyss:3  | Found a shimmering altar of Xom.
 23414 | Abyss:3  | Found a shimmering altar of Xom.
 23414 | Abyss:3  | Found a shimmering altar of Xom.
 23414 | Abyss:3  | Found a shimmering altar of Xom.
 23414 | Abyss:3  | Found a shimmering altar of Xom.
 23415 | Abyss:3  | Found a shimmering altar of Xom.
 23455 | Abyss:3  | Found a shimmering altar of Xom.
 23456 | Abyss:3  | Found a shimmering altar of Xom.
 23460 | Abyss:3  | Found a corrupted altar of Lugonu.
 23460 | Abyss:3  | Found a shimmering altar of Xom.
 23461 | Abyss:3  | Found a shimmering altar of Xom.
 23461 | Abyss:3  | Found a shimmering altar of Xom.
 23461 | Abyss:3  | Found a shimmering altar of Xom.
 23495 | Abyss:3  | Found a shimmering altar of Xom.
 23495 | Abyss:3  | Found a shimmering altar of Xom.
 23501 | Abyss:3  | Found a shimmering altar of Xom.
 23501 | Abyss:3  | Found a shimmering altar of Xom.
 23502 | Abyss:3  | Found a shimmering altar of Xom.
 23522 | Abyss:3  | Found a shimmering altar of Xom.
 23541 | Abyss:3  | Found a corrupted altar of Lugonu.
 23576 | Abyss:3  | Found a shimmering altar of Xom.
 23576 | Abyss:3  | Found a shimmering altar of Xom.
 23576 | Abyss:3  | Found a shimmering altar of Xom.
 23576 | Abyss:3  | Found a corrupted altar of Lugonu.
 23576 | Abyss:3  | Found a shimmering altar of Xom.
 23576 | Abyss:3  | Found a shimmering altar of Xom.
 23579 | Abyss:3  | Found a shimmering altar of Xom.
 23581 | Abyss:3  | Found a shimmering altar of Xom.
 23581 | Abyss:3  | Found a shimmering altar of Xom.
 23600 | Abyss:3  | Found a shimmering altar of Xom.
 23653 | Abyss:3  | Noticed a lich
 23662 | Abyss:3  | XOM: smoke on damage
 23668 | Abyss:3  | Killed a lich
 23674 | Abyss:3  | XOM: silly message
 23675 | Shoals:2 | Escaped the Abyss
 23678 | Shoals:2 | XOM: potion effect (invisibility)
 23724 | Shoals:2 | XOM: potion effect (might)
 23780 | Shoals:2 | XOM: 6-stop teleportation journey
 23890 | Shoals:4 | Entered Level 4 of the Shoals
 23898 | Shoals:4 | XOM: summons friendly quasit
 24346 | Shoals:3 | Noticed Polyphemus
 24391 | Shoals:3 | Killed Polyphemus
 24403 | Shoals:3 | XOM: confuse monster(s)
 24491 | Shoals:3 | Noticed Mara
 24499 | Shoals:3 | XOM: summons 11 friendly demons
 24508 | Shoals:3 | Noticed Amplified's illusion
 24509 | Shoals:3 | XOM: swap monsters
 24512 | Shoals:3 | Noticed Amplified's illusion
 24512 | Shoals:3 | XOM: fog
 24532 | Shoals:4 | XOM: cleaving
 24535 | Shoals:4 | XOM: enchant monster (bad)
 24536 | Shoals:4 | XOM: potion effect (magic)
 24554 | Shoals:4 | XOM: enchant monster (bad)
 24559 | Shoals:4 | XOM: summons 9 hostile demons
 24581 | Shoals:4 | XOM: mild Necr miscast
 24586 | Shoals:4 | Noticed Amplified's illusion
 24587 | Shoals:4 | HP: 3/107 [Mara/+1 demon blade of freezing (4)]
 24589 | Shoals:4 | Killed from afar by Mara (illusionary)

Levels and vault maps discovered:
D:1:      dpeg_arrival_long_road, layout_loops_ring
D:2:      layout_basic, xom_teletrap_fun, chequers_ecumenical_altar_grove,
          minmay_between
D:3:      layout_loops_ring, nicolae_overflow_hidden_temple,
          serial_bayou_lagoon_a, uniq_robin
D:4:      layout_rooms, enter_ossuary_5, uniq_natasha
D:5:      layout_basic, tso_altar, first_ration, evilmike_ruin_ashenzari
D:6:      nicolae_whirlpool, layout_basic, lemuel_doored_altar
D:7:      layout_loops_ring, minmay_temple_entry_large_hall, serial_shops,
          nicolae_shop_behind_doors, guppyfry_shop_venom, uniq_pikel,
          uniq_prince_ribbit1, uniq_harold
D:8:      layout_loops_ring, minmay_statues_item, the_bakery, uniq_maurice
D:9:      layout_basic, david_lair_generic, serial_shops, shop, serial_ice,
          serial_ice_b, serial_ice_d, serial_ice_i, serial_ice_g,
          makhleb_blood_cavern_becter
D:10:     layout_loops_cross
D:11:     layout_rooms, gauntlet_entry_generic, minivault_4, uniq_erica
D:12:     layout_basic, hiddenorc2_lemuel, chequers_serial_rivers_room_a
D:13:     layout_loops_ring, minmay_misc_feat_secret_circle,
          kennysheep_another_room, nicolae_elemental_shop
D:14:     layout_cave_pools, grunt_vaults_entry_tiered,
          minmay_misc_feat_nine_boxes, chequers_decorated_corner,
          minmay_fire_ice_demons
D:15:     hangedman_depths_entry_try_elsewhere_first, layout_loops_ring,
          fedhas_altar_1, evilmike_minifort, uniq_roxanne, uniq_azrael
Lair:1:   layout_big_grid, basic_altar, ebering_ghost_funeral_grove,
          serial_bayou_shore_b, infiniplex_staircase_pool
Lair:2:   layout_misc_corridors, minmay_snake_entry_guardpost_small, uniq_sonja,
          uniq_gastronok
Lair:3:   layout_hall_layers, minmay_shoals_entry_hut,
          cheibrodos_lair_reptile_den, grunt_megastairs_5
Lair:4:   layout_cave_pods, beast_lair_carwin_11, lemuel_fruit_tree,
          serial_bayou_shore_a, uniq_kirke
Lair:5:   layout_long_grid, infiniplex_staircase_pool_2
Lair:6:   minmay_lair_end_enchanted_forest, layout_gridlike, slime_dummy,
          chequers_serial_rivers_micro_c, grunt_megastairs_3
Shoals:1: layout_shoals, serial_shops, nicolae_shop_window_shopping
Shoals:2: layout_shoals, st_shoals_ruin
Shoals:3: layout_shoals, uniq_mara, uniq_ilsuiw, uniq_polyphemus
Shoals:4: shoals_end_simple, layout_shoals
Orc:1:    layout_caves, gammafunk_ghost_wrathful_warriors, serial_shops, shop,
          hangedman_minor_magic
Orc:2:    st_orc_open, layout_caves, serial_shops, shop_statue, uniq_josephine
Elf:1:    elf_arrival_001, layout_loops_ring, hangedman_elf_disciples,
          minmay_misc_feat_alley, minmay_misc_feat_diagonals
Elf:2:    layout_loops_ring
Elf:3:    grunt_elf_hall_asides, layout_onion_city, serial_shops, shop

Skill      XL: |  1  2  3  4  5  6  7  8  9 10 11 12 13 14 15 16 17 18 |
---------------+-------------------------------------------------------+-----
Dodging        | 1 2 3 4 5 6 7 8 9 10 11 | 11.2
Fighting       | 3 4 5 6 8 9 10 11 12 13 14 15 16 | 16.4
Polearms       | 3 |  3.5
Armour         | 2 3 4 5 7 8 9 11 12 13 14 | 14.3
Axes           | 1 2 3 5 6 8 9 10 11 12 13 14 15 16 | 16.0

Action                   |  1- 3 |  4- 6 |  7- 9 | 10-12 | 13-15 | 16-18 || total
-------------------------+-------+-------+-------+-------+-------+-------++-------
Melee: Spear             |   110 |    83 |       |       |       |       ||   193
       Bite              |    17 |    47 |    56 |   203 |   445 |   539 ||  1307
       Hand axe          |       |    80 |   199 |   581 |   965 |   766 ||  2591
       Unarmed           |       |       |       |    14 |       |       ||    14
       War axe           |       |       |       |     2 |    21 |       ||    23
       Broad axe         |       |       |       |       |       |   347 ||   347
Throw: Dart              |       |       |     7 |     7 |     5 |     5 ||    24
       Throwing net      |       |       |       |     2 |       |       ||     2
 Abil: Blink             |       |       |       |       |       |     4 ||     4
Evoke: Wand              |       |       |       |    30 |     6 |     3 ||    39
  Use: Potion            |     1 |     2 |     3 |    11 |     5 |    13 ||    35
       Scroll            |     3 |     8 |    10 |    14 |    17 |    18 ||    70
 Stab: Sleeping          |     3 |       |       |       |       |       ||     3
       Invisible         |       |     5 |       |       |       |    10 ||    15
       Paralysed         |       |       |       |     8 |     8 |       ||    16
       Confused          |       |       |       |       |     4 |     8 ||    12
       Distracted        |       |       |       |       |     1 |     3 ||     4
       Petrified         |       |       |       |       |       |     4 ||     4
  Eat: Chunk             |       |     4 |     5 |    10 |    13 |    11 ||    43
       Ration            |       |       |     1 |     2 |     5 |     3 ||    11
Armor: Leather armour    |    38 |    45 |    65 |   203 |    36 |       ||   387
       Skin              |    39 |       |       |    39 |       |       ||    78
       Plate armour      |       |       |       |       |   473 |   490 ||   963
Dodge: Dodged            |    37 |   101 |   135 |   431 |   615 |   689 ||  2008
Block: Other             |       |       |       |       |       |    62 ||    62
       Reflection        |       |       |       |       |       |     6 ||     6
